Unix NetHack Version 3.7.0-102 Work-in-progress - last build Apr 6 2024 13:22:21 (d302a6a9ff6341f1a922d8f5af178406b35fdf99,branch:master). Game began 2024-05-01 07:29:16, ended 2024-05-01 12:43:21. elenmirie, neutral female gnomish Archeologist ------ ----------- |....-### ------ |......{..| |....| # ------- |....| |..<......| |....| # |.....| |....-#### |.........| |>....# ##0 .......## |....| # --------.-- ------# |.....| # #......####------------ # # -.----- ## #--+--- #.k.......:@| #### # #### # ## #|...........# ### ## # # ## #|*.........| ### # # #### # #|.......)[.| ---.-- # # # # #------------ +....| # # # ### ############# |....| ## ## #####-.----- ######.....| ### # # #|.....| ### |....| # -+-----.---- #####....... ###.....| # |(..........### |....[| |....| # |..........|### ------- ------ ##.......^....# ------------ Elenmirie the Field Worker St:13 Dx:7 Co:13 In:19 Wi:17 Ch:7 Neutral Dlvl:2 $:11 HP:0(26) Pw:16(16) AC:9 Xp:4/108 T:3329 Burdened Latest messages: You are beginning to feel weak. You stop searching. What do you want to eat? [d or ?*] d This food really hits the spot! You finish eating the food ration. You hear bubbling water. You stop searching. You kill the newt! There is an altar to Camaxtli (neutral) here. You see here a whistle. You have a little trouble lifting M - a whistle. What do you want to use or apply? [aegiqtwxzB-DM or ?*] M You produce a strange whistling sound. You see here an uncursed rock. What do you want to call? [eklqzBDM or ?*] M Call a whistle: magic What do you want to adjust? [a-eg-ik-nqtwxzB-DHM or ?*] M Adjust letter to what [fjoprsuvyAE-GI-Z] (? see used letters)? p Moving: p - a whistle called magic. You hear the splashing of a naiad. You stop searching. You stop searching. The kobold lady picks up 10 arrows. You hit the iguana! The iguana bites! You hit the iguana! Vorpal Blade beheads the iguana! You kill the iguana! You hit the kobold lady! The kobold lady hits! You miss the kobold lady. The kobold lady hits! You hit the kobold lady. You miss the kobold lady. The kobold lady hits! You miss the kobold lady. The kobold lady hits! You kill the kobold lady! There is an altar to Camaxtli (neutral) here. You see here 10 arrows. You see here an uncursed rock. The iguana bites! You hit the iguana. The iguana bites! You die... Do you want your possessions identified? [ynq] (y) y Do you want to see your attributes? [ynq] (y) y Do you want an account of creatures vanquished? [ynaq] (y) y Do you want to see your conduct and achievements? [ynq] (y) y Do you want to see the dungeon overview? [ynq] (y) y Inventory: Coins $ - 11 gold pieces Amulets k - a cursed amulet of restful sleep Weapons m - 12 blessed +0 darts (at the ready) h - 15 uncursed +0 darts n - an uncursed +0 elven dagger a - an uncursed +2 bullwhip H - the uncursed rustproof +0 Vorpal Blade (weapon in right hand) Armor c - an uncursed +0 fedora (being worn) l - an uncursed burnt +0 pair of leather gloves (being worn) b - an uncursed +0 leather jacket (being worn) Comestibles d - 5 uncursed food rations Wands x - an uncursed wand of digging (0:4) z - an uncursed wand of locking (0:5) q - an uncursed wand of make invisible (0:6) B - an uncursed wand of polymorph (0:6) Tools D - an empty uncursed oilskin sack w - an uncursed sack containing 12 items C - an uncursed lock pick p - an uncursed magic whistle i - an uncursed oil lamp e - a cursed skeleton key t - an uncursed tinning kit (0:63) Gems/Stones g - an uncursed touchstone Contents of the sack: 581 gold pieces an uncursed scroll of charging an uncursed scroll of earth an uncursed scroll of enchant armor an uncursed scroll of enchant weapon an uncursed scroll of light 2 uncursed scrolls of teleportation 3 uncursed potions of healing an uncursed potion of restore ability a cursed potion of see invisible a potion of holy water an uncursed +0 pick-axe Elenmirie the Archeologist's attributes: Background: You were a Field Worker, a level 4 female gnomish Archeologist. You were neutral, on a mission for Camaxtli who was opposed by Quetzalcoatl (lawful) and Huhetotl (chaotic). You were right-handed. You were in the Dungeons of Doom, on level 2. You entered the dungeon 3329 turns ago. You had 108 experience points, 52 more were needed to attain level 5. Basics: You had 0 out of 26 hit points. You had all 16 energy points (spell power). Your armor class was 9. Your wallet contained 11 zorkmids, and you had 581 more stashed away in your pack. Autopickup was on for '$' plus thrown. Final Characteristics: Your strength was 13 (limit:18/50). Your dexterity was 7 (limit:18). Your constitution was 13 (limit:18). Your intelligence was 19 (limit:19). Your wisdom was 17 (limit:18). Your charisma was 7 (limit:18). Final Status: You weren't hungry. You were burdened; movement was slightly slowed. You were wielding a long sword. You were unskilled in long sword. Final Attributes: You were piously aligned. You had automatic searching. You had infravision. You are dead. Miscellaneous: You never encountered a bones level. Total elapsed playing time was 36 minutes and 10 seconds. Major events: Turn 1: elenmirie the neutral female gnomish Archeologist entered the dungeon 1137: attained the rank of Field Worker (level 3) 2467: was bestowed with Vorpal Blade by Camaxtli 3329: killed by an iguana Vanquished creatures: 2 kobold leaders an iguana 2 hobbits 3 large kobolds 2 giant rats a cave spider 2 yellow molds 2 garter snakes a gnome zombie 6 geckos a jackal 3 kobolds 6 grid bugs a bat 3 kobold zombies 7 newts 43 creatures vanquished. No species were genocided or became extinct. Voluntary challenges: You read items or engraved 4 times. You never engraved Elbereth. You never genocided any monsters. You never polymorphed an object. You never changed form. You used no wishes. Achievements: You entered a shop. You attained the rank of Field Worker. The Dungeons of Doom: levels 1 to 4 Level 1: A sink. Level 2: <- You were here. An altar to Camaxtli, a fountain. Final resting place for you, killed by an iguana. Level 3: A fountain. Level 4: Many fountains, some graves. Game over: ---------- / \ / REST \ / IN \ / PEACE \ / \ | elenmirie | | 592 Au | | killed by an | | iguana | | | | | | 2024 | *| * * * | * _________)/\\_//(\/(/\)/\//\/|_)_______ Goodbye elenmirie the Archeologist... You died in The Dungeons of Doom on dungeon level 2 with 1125 points, and 592 pieces of gold, after 3329 moves. You were level 4 with a maximum of 26 hit points when you died.